HBL
OCEAN CITY BLUE CRABS @ JACKSONVILLE SUNS
06/10/1997
 
TOP OF THE 1ST
Ocean City Blue Crabs batting - Pitching for Jacksonville Suns : RHP Mike Morgan
Pitching: RHP Mike Morgan
Batting: RHB Jarvis Brown 0-0: Called Strike
0-1: Swinging Strike
0-2: Reached on error, E6 (Popup, 56, EV 77.5 MPH)
Batting: RHB Cheron Farley 0-0: Ball
1-0: Ball
2-0: SINGLE (Groundball, 6MD, EV 96.9 MPH)
Jarvis Brown to second
Runner from 2nd tries for 3rd, SAFE, throw by CF made to third
Batting: LHB Brad Fullmer 0-0: Fly out, F7 (Flyball, 7S, EV 95.0 MPH)
Batting: SHB Junior Felix 0-0: SINGLE (Groundball, 34D, EV 98.1 MPH)
Jarvis Brown scores
Cheron Farley to second
Runner from 2nd tries for 3rd, SAFE, throw by RF made to third
Batting: LHB Curtis Pride 0-0: Called Strike
0-1: Ball
1-1: Ball
2-1: Ball
3-1: Called Strike
3-2: Foul Ball, location: 2F
3-2: Base on Balls
Junior Felix to second
Batting: RHB Scott Leius 0-0: Foul Ball, location: 2F
0-1: Ball
1-1: Fly out, F9 (Flyball, 89D, EV 106.3 MPH)
Runner from 3rd tags up, SCORES, throw by RF
Junior Felix to third
Batting: RHB Jeff Abbott 0-0: Called Strike
0-1: Ground out 6-3 (Groundball, 6S, EV 81.3 MPH)
Top of the 1st over - 2 runs, 2 hits, 1 error, 2 left on base; Ocean City 2 - Jacksonville 0
BOTTOM OF THE 1ST
Jacksonville Suns batting - Pitching for Ocean City Blue Crabs : RHP Kevin Jarvis
Pitching: RHP Kevin Jarvis
Batting: RHB Damon Buford 0-0: Ball
1-0: Ball
2-0: Called Strike
2-1: Foul Ball, location: 2F
2-2: Fly out, F8 (Flyball, 78M, EV 88.8 MPH)
Batting: RHB Chris Gomez 0-0: Called Strike
0-1: Called Strike
0-2: Strikes out looking
Batting: LHB Sean Casey 0-0: Ball
1-0: Ball
2-0: Called Strike
2-1: Foul Ball, location: 2F
2-2: Foul Ball, location: 2F
2-2: Ball
3-2: Ground out 1-3 (Groundball, 34S, EV 84.4 MPH)
Bottom of the 1st over - 0 runs, 0 hits, 0 errors, 0 left on base; Ocean City 2 - Jacksonville 0
TOP OF THE 2ND
Ocean City Blue Crabs batting - Pitching for Jacksonville Suns : RHP Mike Morgan
Batting: RHB Einar Diaz 0-0: Called Strike
0-1: Fly out, F9 (Line Drive, 9, EV 98.8 MPH)
Batting: RHB Manny Alexander 0-0: Called Strike
0-1: Ball
1-1: Swinging Strike
1-2: SINGLE (Groundball, 6MD, EV 106.3 MPH)
Batting: RHB Jarvis Brown 0-0: Ball
Passed Ball!
Manny Alexander to second
1-0: Ground out 6-3 (Groundball, 6, EV 91.9 MPH)
Batting: RHB Cheron Farley 0-0: Called Strike
0-1: Foul Ball, location: 2F
0-2: Ball
1-2: Ball
2-2: Ground out 6-3 (Groundball, 6, EV 86.3 MPH)
Top of the 2nd over - 0 runs, 1 hit, 0 errors, 1 left on base; Ocean City 2 - Jacksonville 0
BOTTOM OF THE 2ND
Jacksonville Suns batting - Pitching for Ocean City Blue Crabs : RHP Kevin Jarvis
Batting: RHB Ozzie Timmons 0-0: Ball
1-0: Fly out, F8 (Line Drive, 8LD, EV 89.4 MPH)
Batting: RHB Doug Mirabelli 0-0: Swinging Strike
0-1: SINGLE (Line Drive, 78S, EV 86.9 MPH)
Batting: RHB Angel Echevarria 0-0: Swinging Strike
0-1: Foul Ball, location: 2F
0-2: Ball
1-2: Ball
2-2: Strikes out swinging
Batting: RHB Brian Lesher 0-0: Ball
1-0: Called Strike
1-1: Called Strike
1-2: Foul Ball, location: 2F
1-2: Foul Ball, location: 2F
1-2: Foul Ball, location: 2F
1-2: Fly out, F8 (Flyball, 8RD, EV 91.9 MPH)
Bottom of the 2nd over - 0 runs, 1 hit, 0 errors, 1 left on base; Ocean City 2 - Jacksonville 0
TOP OF THE 3RD
Ocean City Blue Crabs batting - Pitching for Jacksonville Suns : RHP Mike Morgan
Batting: LHB Brad Fullmer 0-0: Ball
1-0: Called Strike
1-1: Ball
2-1: DOUBLE (Line Drive, 8RXD, EV 100.6 MPH)
Batting: SHB Junior Felix 0-0: Ball
1-0: Swinging Strike
1-1: Ball
2-1: Fly out, F8 (Flyball, 8RS, EV 83.8 MPH)
Batting: LHB Curtis Pride 0-0: Called Strike
0-1: Ball
1-1: Swinging Strike
1-2: Foul Ball, location: 2F
1-2: Ball
2-2: Ground out 4-3 (Groundball, 4M, EV 93.8 MPH)
Brad Fullmer to third
Batting: RHB Scott Leius 0-0: Ball
1-0: SINGLE (Line Drive, 89S, EV 95.0 MPH)
Brad Fullmer scores
Batting: RHB Jeff Abbott 0-0: Foul Ball, location: 2F
0-1: Swinging Strike
0-2: Ball
1-2: Fly out, F6 (Popup, P, EV 79.4 MPH)
Top of the 3rd over - 1 run, 2 hits, 0 errors, 1 left on base; Ocean City 3 - Jacksonville 0
BOTTOM OF THE 3RD
Jacksonville Suns batting - Pitching for Ocean City Blue Crabs : RHP Kevin Jarvis
Batting: RHB Jeff Reboulet 0-0: Called Strike
0-1: Hit by Pitch
Batting: RHB Jorge Velandia 0-0: Fielders Choice at 2nd, 6-4 (Groundball, 6, EV 84.4 MPH)
Batting: RHB Damon Buford 0-0: Ball
1-0: Fly out, F8 (Flyball, 8LD, EV 90.6 MPH)
Batting: RHB Chris Gomez 0-0: SINGLE (Groundball, 56D, EV 97.5 MPH)
Jorge Velandia to second
Batting: LHB Sean Casey 0-0: Ball
1-0: Ground out 4-3 (Groundball, 34D, EV 101.3 MPH)
Bottom of the 3rd over - 0 runs, 1 hit, 0 errors, 2 left on base; Ocean City 3 - Jacksonville 0
TOP OF THE 4TH
Ocean City Blue Crabs batting - Pitching for Jacksonville Suns : RHP Mike Morgan
Batting: RHB Einar Diaz 0-0: Called Strike
0-1: Foul Ball, location: 2F
0-2: Ball
1-2: Ground out 5-3 (Groundball, 5, EV 82.5 MPH)
Batting: RHB Manny Alexander 0-0: Fly out, F8 (Line Drive, 8LD, EV 83.8 MPH)
Batting: RHB Jarvis Brown 0-0: Called Strike
0-1: Ball
1-1: Ball
2-1: Foul Ball, location: 2F
2-2: Fly out, F9 (Flyball, 89S, EV 83.1 MPH)
Top of the 4th over - 0 runs, 0 hits, 0 errors, 0 left on base; Ocean City 3 - Jacksonville 0
BOTTOM OF THE 4TH
Jacksonville Suns batting - Pitching for Ocean City Blue Crabs : RHP Kevin Jarvis
Batting: RHB Ozzie Timmons 0-0: Foul Ball, location: 2F
0-1: SINGLE (Groundball, 56D, EV 106.3 MPH)
Batting: RHB Doug Mirabelli 0-0: Called Strike
0-1: Ball
1-1: Ball
2-1: Ground out 5-3 (Groundball, 56S, EV 68.8 MPH)
Ozzie Timmons to second
Batting: RHB Angel Echevarria 0-0: Ball
1-0: Called Strike
1-1: Ball
2-1: Foul Ball, location: 2F
2-2: Foul Ball, location: 2F
2-2: Fly out, F9 (Line Drive, 9, EV 96.3 MPH)
Batting: RHB Brian Lesher 0-0: SINGLE (Line Drive, 9S, EV 107.5 MPH)
Ozzie Timmons to third
Runner from 3rd tries for Home, SAFE, throw by RF to home
Batting: RHB Jeff Reboulet 0-0: Called Strike
0-1: Ball
1-1: Fly out, F8 (Flyball, 89M, EV 85.0 MPH)
Bottom of the 4th over - 1 run, 2 hits, 0 errors, 1 left on base; Ocean City 3 - Jacksonville 1
TOP OF THE 5TH
Ocean City Blue Crabs batting - Pitching for Jacksonville Suns : RHP Mike Morgan
Batting: RHB Cheron Farley 0-0: Ball
1-0: Ball
2-0: Called Strike
2-1: Ground out 1-3 (Groundball, P, EV 62.5 MPH)
Batting: LHB Brad Fullmer 0-0: Ball
1-0: SINGLE (Line Drive, 9LS, EV 101.3 MPH)
Batting: SHB Junior Felix 0-0: Ball
Wild Pitch!
Brad Fullmer to second
1-0: Called Strike
1-1: Called Strike
1-2: Ball
2-2: Fly out, F7 (Flyball, 7LM, EV 90.0 MPH)
Runner from 2nd tags up, SAFE at 3rd with throw by LF
Batting: LHB Curtis Pride 0-0: Foul Ball, location: 2F
0-1: Ball
1-1: Swinging Strike
1-2: Fly out, F9 (Flyball, 9LMF, EV 84.4 MPH)
Top of the 5th over - 0 runs, 1 hit, 0 errors, 1 left on base; Ocean City 3 - Jacksonville 1
BOTTOM OF THE 5TH
Jacksonville Suns batting - Pitching for Ocean City Blue Crabs : RHP Kevin Jarvis
Batting: RHB Jorge Velandia 0-0: Ball
1-0: Ground out 6-3 (Groundball, 6, EV 82.5 MPH)
Batting: RHB Damon Buford 0-0: Ball
1-0: Called Strike
1-1: Ground out 6-3 (Groundball, 6, EV 100.6 MPH)
Batting: RHB Chris Gomez 0-0: Swinging Strike
0-1: Foul Ball, location: 2F
0-2: Ball
1-2: Strikes out swinging
Bottom of the 5th over - 0 runs, 0 hits, 0 errors, 0 left on base; Ocean City 3 - Jacksonville 1
TOP OF THE 6TH
Ocean City Blue Crabs batting - Pitching for Jacksonville Suns : RHP Mike Morgan
Batting: RHB Scott Leius 0-0: Foul Ball, location: 2F
0-1: Ball
1-1: Ground out 6-3 (Groundball, 6, EV 78.1 MPH)
Batting: RHB Jeff Abbott 0-0: Ball
1-0: Ball
2-0: Ball
3-0: Called Strike
3-1: Called Strike
3-2: SINGLE (Groundball, 6, EV 107.5 MPH) (infield hit)
Batting: RHB Einar Diaz 0-0: Ball
1-0: Fly out, F9 (Flyball, 89M, EV 85.0 MPH)
Batting: RHB Manny Alexander 0-0: Ground out 3-1 (Groundball, 34S, EV 65.6 MPH)
Top of the 6th over - 0 runs, 1 hit, 0 errors, 1 left on base; Ocean City 3 - Jacksonville 1
BOTTOM OF THE 6TH
Jacksonville Suns batting - Pitching for Ocean City Blue Crabs : RHP Kevin Jarvis
Batting: LHB Sean Casey 0-0: Ball
1-0: Ground out 5-3 (Groundball, 56, EV 106.9 MPH)
Batting: RHB Ozzie Timmons 0-0: Foul Ball, location: 2F
0-1: Swinging Strike
0-2: Strikes out looking
Batting: RHB Doug Mirabelli 0-0: Called Strike
0-1: Fly out, F9 (Flyball, 9LM, EV 92.5 MPH)
Bottom of the 6th over - 0 runs, 0 hits, 0 errors, 0 left on base; Ocean City 3 - Jacksonville 1
TOP OF THE 7TH
Ocean City Blue Crabs batting - Pitching for Jacksonville Suns : RHP Mike Morgan
Batting: RHB Jarvis Brown 0-0: Called Strike
0-1: SINGLE (Line Drive, 7LM, EV 107.5 MPH)
Batting: RHB Cheron Farley 0-0: Foul Ball, location: 2F
0-1: Swinging Strike
0-2: Fly out, F7 (Flyball, 7S, EV 86.3 MPH)
Batting: LHB Brad Fullmer 0-0: Called Strike
0-1: Fly out, F9 (Flyball, 89M, EV 84.4 MPH)
Batting: SHB Junior Felix 0-0: Called Strike
0-1: Fly out, F8 (Flyball, 8LM, EV 98.1 MPH)
Top of the 7th over - 0 runs, 1 hit, 0 errors, 1 left on base; Ocean City 3 - Jacksonville 1
BOTTOM OF THE 7TH
Jacksonville Suns batting - Pitching for Ocean City Blue Crabs : RHP Kevin Jarvis
Batting: RHB Angel Echevarria 0-0: Called Strike
0-1: Called Strike
0-2: Foul Ball, location: 2F
0-2: DOUBLE (Line Drive, 89D, EV 108.1 MPH)
Batting: RHB Brian Lesher 0-0: Called Strike
0-1: Swinging Strike
0-2: Foul Ball, location: 2F
0-2: Ball
1-2: Ball
2-2: Foul Ball, location: 2F
2-2: Foul Ball, location: 2F
2-2: Foul Ball, location: 2F
2-2: Foul Ball, location: 2F
2-2: Foul Ball, location: 2F
2-2: Strikes out swinging
Batting: RHB Jeff Reboulet 0-0: Fly out, F9 (Flyball, 9LS, EV 82.5 MPH)
Batting: RHB Jorge Velandia 0-0: Called Strike
0-1: Foul Ball, location: 2F
0-2: Ball
1-2: Ball
2-2: Ground out 6-3 (Groundball, 6, EV 92.5 MPH)
Bottom of the 7th over - 0 runs, 1 hit, 0 errors, 1 left on base; Ocean City 3 - Jacksonville 1
TOP OF THE 8TH
Ocean City Blue Crabs batting - Pitching for Jacksonville Suns : RHP Mike Morgan
Batting: LHB Curtis Pride 0-0: SINGLE (Groundball, 25, EV 66.3 MPH) (infield hit)
Batting: RHB Scott Leius 0-0: Ball
1-0: Swinging Strike
1-1: Ball
2-1: Sac Bunt to 23 - play at first, batter OUT! 3-4
Curtis Pride to second
Batting: RHB Jeff Abbott 0-0: Intentional Walk
Batting: RHB Einar Diaz 0-0: Fielders Choice at 2nd, 5-4 (Groundball, 56, EV 86.9 MPH)
Curtis Pride to third
Batting: RHB Manny Alexander 0-0: Ball
1-0: Ball
2-0: Ground out 1-3 (Groundball, 15, EV 68.1 MPH)
Top of the 8th over - 0 runs, 1 hit, 0 errors, 2 left on base; Ocean City 3 - Jacksonville 1
BOTTOM OF THE 8TH
Jacksonville Suns batting - Pitching for Ocean City Blue Crabs : RHP Kevin Jarvis
Pitching: RHP Pep Harris
Batting: RHB Damon Buford 0-0: Called Strike
0-1: Called Strike
0-2: DOUBLE (Flyball, 78D, EV 106.9 MPH)
Batting: RHB Chris Gomez 0-0: Fly out, F7 (Line Drive, 7, EV 91.9 MPH)
Batting: LHB Sean Casey 0-0: Ball
1-0: Called Strike
1-1: Swinging Strike
1-2: Strikes out swinging
Batting: RHB Ozzie Timmons 0-0: Ball
1-0: Ball
2-0: Called Strike
2-1: Ball
3-1: Ground out 6-3 (Groundball, 6, EV 88.8 MPH)
Bottom of the 8th over - 0 runs, 1 hit, 0 errors, 1 left on base; Ocean City 3 - Jacksonville 1
TOP OF THE 9TH
Ocean City Blue Crabs batting - Pitching for Jacksonville Suns : RHP Mike Morgan
Batting: RHB Jarvis Brown 0-0: Called Strike
0-1: Ground out U3 (Groundball, 34, EV 83.8 MPH)
Batting: RHB Cheron Farley 0-0: Ball
1-0: Ball
2-0: Ball
3-0: Base on Balls
Batting: LHB Brad Fullmer 0-0: Ball
1-0: Called Strike
Cheron Farley steals 2nd base
1-1: Called Strike
1-2: Foul Ball, location: 2F
1-2: Fly out, F9 (Flyball, 9D, EV 97.5 MPH)
Runner from 2nd tags up, SAFE at 3rd, no throw by RF
Batting: SHB Junior Felix 0-0: Ball
1-0: Ball
2-0: Foul Ball, location: 2F
2-1: 2-RUN HOME RUN (Line Drive, 78XD, EV 101.3 MPH), Distance : 428 ft
Batting: LHB Curtis Pride 0-0: Ball
1-0: Ball
2-0: Foul Ball, location: 2F
2-1: Ball
3-1: SINGLE (Line Drive, 78M, EV 96.3 MPH)
Batting: RHB Scott Leius 0-0: Ball
1-0: Called Strike
1-1: Foul Ball, location: 2F
1-2: Foul Ball, location: 2F
1-2: SINGLE (Flyball, 9S, EV 94.4 MPH)
Curtis Pride to second
Runner from 2nd tries for 3rd, SAFE, throw by RF made to third
Batting: RHB Jeff Abbott 0-0: Called Strike
0-1: Called Strike
0-2: Ball
1-2: Fielders Choice at 2nd, 6-4 (Groundball, 6, EV 84.4 MPH)
Top of the 9th over - 2 runs, 3 hits, 0 errors, 2 left on base; Ocean City 5 - Jacksonville 1
BOTTOM OF THE 9TH
Jacksonville Suns batting - Pitching for Ocean City Blue Crabs : RHP Pep Harris
Batting: RHB Doug Mirabelli 0-0: Ball
1-0: Foul Ball, location: 2F
1-1: Swinging Strike
1-2: Foul Ball, location: 2F
1-2: Ball
2-2: Foul Ball, location: 2F
2-2: Ball
3-2: Foul Ball, location: 2F
3-2: Fly out, F9 (Flyball, 9LDF, EV 103.8 MPH)
Batting: RHB Angel Echevarria 0-0: Called Strike
0-1: Fly out, F9 (Line Drive, 9, EV 96.9 MPH)
Batting: RHB Brian Lesher 0-0: Ball
1-0: SOLO HOME RUN (Flyball, 7LD, EV 102.5 MPH), Distance : 336 ft
Batting: RHB Jeff Reboulet 0-0: Called Strike
0-1: Ball
1-1: Ball
2-1: Fly out, F7 (Flyball, 78M, EV 88.8 MPH)
Bottom of the 9th over - 1 run, 1 hit, 0 errors, 0 left on base; Ocean City 5 - Jacksonville 2
Monday, February 23rd, 2026 - OOTP Baseball 20.8 Build 74